 Dungeon Crawl Stone Soup version 0.28-a0-1033-g1a2f33fa85 (webtiles) character file.

Game seed: 1816254203373386097

1645 olmar the Cudgeller (level 8, -6/76 HPs)
             Began as a Gargoyle Fighter on Dec 7, 2021.
             Was an Initiate of Ru.
             Mangled by a four-headed hydra (8 damage)
             ... on level 7 of the Dungeon.
             The game lasted 00:11:09 (6591 turns).

olmar the Cudgeller (Gargoyle Fighter)              Turns: 6591, Time: 00:11:09

Health: -6/76      AC: 15    Str: 22    XL:     8   Next: 99%
Magic:  0/8        EV:  9    Int:  9    God:    Ru [......]
Gold:   252        SH:  4    Dex:  9    Spells: 7/7 levels left

rFire   . . .      SeeInvis .   o - +1 morningstar
rCold   . . .      Faith    .   c - +0 buckler
rNeg    + + .      Spirit   +   b - +0 scale mail
rPois   ∞          Reflect  .   d - +1 helmet
rElec   +          Harm     .   (no cloak)
rCorr   .          Rampage  .   (no gloves)
Will    .....                   (no boots)
Stlth   ..........              e - amulet of guardian spirit
HPRegen 0.22/turn               u - ring of positive energy
MPRegen 0.11/turn               (no ring)

@: berserking, very quick
A: sickness immunity, AC +5, negative energy resistance 1, electricity
resistance, torment resistance 1, petrification resistance
a: Renounce Religion


You were on level 7 of the Dungeon.
You worshipped Ru.
Ru was noncommittal.
You visited 2 branches of the dungeon, and saw 8 of its levels.
You also visited: Sewer.

You collected 252 gold pieces.

Inventory:

Hand Weapons
 a - a +0 flail
 o - a +1 morningstar (weapon)
Missiles
 n - 40 poisoned darts (quivered)
 s - 2 curare-tipped darts
Armour
 b - a +0 scale mail (worn)
 c - a +0 buckler (worn)
 d - a +1 helmet (worn)
Jewellery
 e - an amulet of guardian spirit (around neck)
 h - a ring of flight
 k - a ring of ice
 u - a ring of positive energy (left hand)
 y - a ring of magical power
Wands
 C - a wand of flame (25)
Scrolls
 f - a scroll of fear
 g - 4 scrolls of enchant weapon
 i - 2 scrolls of identify
 q - 4 scrolls of magic mapping
Potions
 A - a potion of heal wounds


   Skills:
 + Level 6.1 Fighting
 + Level 7.8 Maces & Flails
 + Level 6.7 Armour
 + Level 5.2 Shields


You had 7 spell levels left.
You didn't know any spells.
Your spell library contained the following spells:

 Spells                   Type           Power      Damage    Failure   Level
 Slow                     Hex            0%         N/A       67%         1
 Confusing Touch          Hex            0%         N/A       96%         3
 Yara's Violent Unravell  Hex/Tmut       0%         3d3       100%        5


Dungeon Overview and Level Annotations

Branches:
Dungeon (7/15)             Temple (1/1) D:5           Sewer (visited)

Altars:
Ashenzari
Cheibriados
Dithmenos
Fedhas
Gozag
Kikubaaqudgha
Nemelex Xobeh
Okawaru
Qazlal
Ru
Sif Muna
Trog
Uskayaw
Vehumet
Wu Jian
Xom
Yredelemnul
Zin
The Shining One

Shops:
D:2 *


Innate Abilities, Weirdness & Mutations

You are immune to sickness and miasma.
Your stone body is resilient. (AC +5)
You are immune to poison.
You resist negative energy. (rN+)
You are resistant to electric shocks. (rElec)
You are resistant to unholy torment.
You are immune to petrification.


Message History

You hear a loud, deep croak!
Okay, then.
Okay, then.
It was a potion of berserk rage.
A red film seems to cover your vision as you go berserk!
You feel yourself moving faster!
You feel mighty!
The hornet stings you but does no damage.
The hornet stings you.
Unknown command.
You closely miss the hornet.
The hornet is heavily wounded.
You hit the hornet.
The hornet is heavily wounded.
The hornet stings you but does no damage. x2
Unknown command.
You thump the hornet!
The hornet is almost dead.
You are too injured to fight recklessly!
You sock the four-headed hydra!
The four-headed hydra is lightly wounded.
You bludgeon the four-headed hydra!!
The four-headed hydra is heavily wounded.
The four-headed hydra bites you but does no damage.
The four-headed hydra bites you. The four-headed hydra bites you!
* * * LOW HITPOINT WARNING * * *
The four-headed hydra bites you!
* * * LOW HITPOINT WARNING * * *
You completely miss the four-headed hydra.
The four-headed hydra is heavily wounded.
The howler monkey hoots and howls with incredible vigour!
You hear a shout!
You hear a croak.
Unknown command.
You puncture the four-headed hydra!
The four-headed hydra is heavily wounded.
The four-headed hydra bites you.
* * * LOW HITPOINT WARNING * * *
The four-headed hydra bites you!
* * * LOW HITPOINT WARNING * * *
The four-headed hydra bites you!
You die...

#Y####.#...............#
.####..###.####....#####.....
.........W..# #.##.# ####.#
#####...##### #.##.##### .#
#...# ##......... .# #(..#
#.......# ##
#####...#######...###.#
..............#Z......#
.............@Dh...#....
..............#y#...#!#.
#####...#######.#.......
#...# #.......## #...#
#####$#.# #...# )#.# .##
####...# # ......##...#
....#.###.##


You could see a four-headed hydra, a hornet, a howler monkey (catching breath)
and a killer bee zombie.

Vanquished Creatures
  A wraith (D:5)
  Menkaure (D:5)
  2 ice beasts
  A necrophage (D:6)
  A phantom (D:4)
  3 kobold brigands (Sewer)
  Blork the orc (D:4)
  2 bullfrogs
  A scorpion (D:6)
  A howler monkey (D:5)
  A centaur zombie (D:7)
  2 orc priests (D:4)
  A hound (D:6)
  2 iguanas
  2 orc wizards (D:4)
  2 howler monkey skeletons
  3 gnolls (D:5)
  8 adders
  A river rat (Sewer)
  2 white imps (D:6)
  An ufetubus (D:4)
  An adder skeleton (D:4)
  11 worms
  5 dart slugs
  7 orcs
  9 endoplasms
  5 giant cockroaches
  7 goblins
  4 hobgoblins
  4 jackals (D:4)
  5 quokkas
  13 ball pythons
  11 bats
  4 frilled lizards
  10 kobolds
  8 rats
143 creatures vanquished.

Notes
Turn   | Place    | Note
-------+----------+-------------------------------------------
     0 | D:1      | olmar the Gargoyle Fighter began the quest for the Orb.
     0 | D:1      | Reached XP level 1. HP: 14/14 MP: 1/1
    63 | D:1      | Reached XP level 2. HP: 19/19 MP: 2/2
   284 | D:1      | Reached XP level 3. HP: 24/24 MP: 3/3
  1127 | D:2      | Reached skill level 3 in Maces & Flails
  1128 | D:2      | Reached XP level 4. HP: 29/29 MP: 4/4
  1133 | D:2      | Found an ancient bone altar of Kikubaaqudgha.
  1263 | D:2      | Found Igap's General Store.
  2222 | D:3      | Found a glowing silver altar of Zin.
  2353 | D:4      | Noticed Blork the orc
  2361 | D:4      | Killed Blork the orc
  2362 | D:4      | Reached skill level 4 in Maces & Flails
  2362 | D:4      | Reached XP level 5. HP: 20/33 MP: 1/5
  2433 | D:4      | Reached XP level 6. HP: 21/39 MP: 1/6
  2451 | D:4      | HP: 1/39 [orc (1)]
  2458 | D:4      | HP: 1/39 [orc (1)]
  2554 | D:4      | Found a glowing drain.
  2600 | Sewer    | Entered a sewer
  3255 | Sewer    | Reached skill level 5 in Maces & Flails
  3255 | Sewer    | Reached XP level 7. HP: 43/44 MP: 7/7
  3270 | Sewer    | Reached skill level 5 in Armour
  4229 | D:5      | Entered Level 5 of the Dungeon
  4229 | D:5      | Noticed Menkaure
  4240 | D:5      | Killed Menkaure
  4241 | D:5      | Reached skill level 5 in Fighting
  4241 | D:5      | Reached skill level 6 in Maces & Flails
  4415 | D:5      | Reached XP level 8. HP: 41/49 MP: 6/8
  4912 | D:5      | Found a staircase to the Ecumenical Temple.
  5026 | Temple   | Entered the Ecumenical Temple
  5053 | Temple   | Became a worshipper of Ru the Awakened
  5499 | D:6      | Reached skill level 7 in Maces & Flails
  5644 | D:6      | Reached skill level 5 in Shields
  5644 | D:6      | Found a broken altar of Ashenzari.
  5695 | D:6      | Found a sparkling altar of Nemelex Xobeh.
  5814 | D:6      | Found a snail-covered altar of Cheibriados.
  6008 | D:7      | Found an ancient bone altar of Kikubaaqudgha.
  6010 | D:7      | Found a transporter.
  6123 | D:7      | Found a basalt altar of Yredelemnul.
  6126 | D:7      | Noticed a wraith
  6140 | D:7      | Found a transporter.
  6280 | D:5      | Killed a wraith
  6502 | D:7      | Found a stormy altar of Qazlal.
  6567 | D:7      | Noticed a hornet
  6578 | D:7      | Noticed a four-headed hydra
  6591 | D:7      | HP: 2/76 [four-headed hydra (7)]
  6591 | D:7      | Mangled by a four-headed hydra

Illustrated notes

Levels and vault maps discovered:
D:1:      sevenhm_arrival_forest_fort_large_2, layout_basic,
          minmay_parallelograms, grunt_decor_fettered
D:2:      layout_basic, serial_shops, nicolae_shop_window_shopping, basic_altar,
          minmay_misc_feat_columns, minmay_door_square,
          minmay_misc_feat_enclosed, minmay_misc_feat_hallway
D:3:      layout_rooms, zin_academy, serial_glass, glass_columns_a,
          glass_columns_a, minmay_misc_feat_plants
D:4:      layout_basic, cheibrodos_sewer_entry_bend, uniq_blork_the_orc
D:5:      layout_basic, minmay_temple_entry_grid, uniq_menkaure
D:6:      layout_rooms, nicolae_ashenzari_panopticon, kennysheep_mini_moat,
          nemelex_xobeh_ov_fountains_minmay
D:7:      cheibrodos_barr_body, layout_loops_cross,
          nicolae_qazlal_general_emergency, gammafunk_temple_of_torment
Temple:   chequers_temple_sunken

Skill      XL: |  1  2  3  4  5  6  7  8 |
---------------+-------------------------+-----
Maces & Flails | 3 4 5 6 7 |  7.8
Fighting       | 4 5 6 |  6.1
Armour         | 4 5 6 |  6.7
Shields        | 4 5 |  5.2

Action                   |  1- 3 |  4- 6 |  7- 9 || total
-------------------------+-------+-------+-------++-------
Melee: Flail             |    91 |   276 |   281 ||   648
       Morningstar       |       |       |    29 ||    29
Throw: Dart              |       |    14 |     1 ||    15
Evoke: Wand              |       |     4 |     1 ||     5
  Use: Scroll            |       |     4 |     7 ||    11
       Potion            |       |     5 |     8 ||    13
Armor: Scale mail        |    56 |   203 |   182 ||   441
       Skin              |       |       |    17 ||    17
Dodge: Dodged            |    50 |   174 |   133 ||   357
Block: Buckler           |    22 |    73 |    67 ||   162

Table legend: (Time is in decaauts)
 A = Elapsed time spent in this place.
 B = Non-inter-level travel time spent in this place.
 C = Inter-level travel time spent in this place.
 D = Time resting spent in this place.
 E = Time spent auto-exploring this place.
 F = Levels seen in this place.
 G = Mean time per level.
                   A        B        C        D        E       F      G
               +--------+--------+--------+--------+--------+-----+--------+
         Total |   6950 |   6746 |    204 |    332 |   4727 |   9 |  772.2 |
       Dungeon |   5598 |   5421 |    177 |    138 |   3970 |   7 |  799.7 |
        Temple |     62 |     35 |     27 |      0 |      0 |   1 |   62.0 |
         Sewer |   1289 |   1289 |      0 |    194 |    757 |   1 | 1289.0 |
               +--------+--------+--------+--------+--------+-----+--------+

Top non-repeatable levels by time:
   Sewer: 1289 daAuts
     D:5: 997 daAuts
     D:4: 985 daAuts
     D:1: 926 daAuts
     D:2: 874 daAuts
     D:6: 859 daAuts
     D:3: 555 daAuts
     D:7: 399 daAuts
  Temple: 62 daAuts
